 Dungeon Crawl Stone Soup version 0.30-a0-576-g89cddaab80 (webtiles) character file.

Game seed: 11041936707527727927

1323 drugrobin the Poker (level 8, -2/70 HPs)
             Began as a Demigod Delver on Dec 30, 2022.
             Slain by a wight
             ... wielding a +2 great sword
              (20 damage)
             ... on level 6 of the Dungeon.
             The game lasted 00:14:30 (5121 turns).

drugrobin the Poker (Demigod Delver)                Turns: 5121, Time: 00:14:30

Health: -2/70      AC:  7    Str: 27    XL:     8   Next: 11%
Magic:  10/10      EV: 11    Int: 12    God:
Gold:   284        SH:  5    Dex: 19    Spells: 6/7 levels left

rFire   . . .      SeeInvis .    a - +0 halberd
rCold   . . .      Faith    .    (shield currently unavailable)
rNeg    . . .      Spirit   .    u - +1 scale mail of Darkness {rPois rCorr Dex-2}
rPois   +          Reflect  +    (no helmet)
rElec   .          Harm     .    (no cloak)
rCorr   +          Rampage  .    (no gloves)
Will    .....                    (no boots)
Stlth   ++                       q - amulet of reflection
HPRegen 0.31/turn                k - +6 ring of dexterity
MPRegen 0.12/turn                s - +6 ring of strength

@: no status effects
A: high MP 1, forlorn, divine attributes
a: no special abilities


You were on level 6 of the Dungeon.
You visited 1 branch of the dungeon, and saw 6 of its levels.

You collected 284 gold pieces.

Inventory:

Hand Weapons
 a - a +0 halberd (weapon)
 b - a +3 spear of freezing
 c - a +0 shortbow
 J - a +0 trident
Missiles
 x - 3 datura-tipped darts (quivered)
 I - 3 boomerangs
Armour
 u - the +1 scale mail of Darkness (worn) {rPois rCorr Dex-2}
   (You found it on level 2 of the Dungeon)

   Dex:       It affects your dexterity (-2).
   rPois:     It protects you from poison.
   rCorr:     It protects you from acid and corrosion.
 w - a +0 leather armour
Magical Staves
 K - a staff of air
Jewellery
 k - a +6 ring of dexterity (left hand)
 n - a ring of positive energy
 q - an amulet of reflection (around neck)
 s - a +6 ring of strength (right hand)
 B - an amulet of the acrobat
Wands
 g - a wand of digging (3)
 G - a wand of iceblast (1)
 H - a wand of mindburst (8)
Scrolls
 d - 6 scrolls of magic mapping
 e - a scroll of vulnerability {unknown}
 h - 4 scrolls of identify {unknown}
 i - 3 scrolls of enchant weapon {unknown}
 j - a scroll of immolation {unknown}
 m - 2 scrolls of enchant armour {unknown}
 v - a scroll of silence {unknown}
 y - a scroll of brand weapon {unknown}
 z - a scroll of noise {unknown}
 A - 2 scrolls of fog
 D - a scroll of fear
 M - a scroll of amnesia {unknown}
Potions
 f - a potion of haste
 l - a potion of mutation {unknown}
 o - a potion of flight {unknown}
 p - 2 potions of ambrosia {unknown}
 r - a potion of invisibility {unknown}
 t - 4 potions of might {unknown}
 C - a potion of curing {unknown}
 E - a potion of heal wounds {unknown}
 F - 2 potions of degeneration {unknown}
 L - 2 potions of brilliance {unknown}


   Skills:
 + Level 6.0 Fighting
 + Level 7.8 Polearms
 - Level 1.7 Dodging
 - Level 4.5 Stealth


You had 6 spell levels left.
You knew the following spells:

 Your Spells              Type           Power      Damage    Failure   Level
a - Magic Dart            Conj           0%         1d3       61%         1

Your spell library contained the following spells:

 Spells                   Type           Power      Damage    Failure   Level
 Call Imp                 Summ           0%         N/A       75%         2
 Searing Ray              Conj           0%         2d4       75%         2
 Hailstorm                Conj/Ice       0%         3d3       93%         3
 Mephitic Cloud           Conj/Pois/Air  0%         N/A       93%         3
 Fulminant Prism          Conj/Hex       0%         3d5       100%        4
 Ice Form                 Ice/Tmut       0%         N/A       100%        4
 Simulacrum               Ice/Necr       0%         N/A       100%        6


Dungeon Overview and Level Annotations

Branches:
Dungeon (6/15)             Temple (0/1) D:6

Shops:
D:1 :   D:5 *


Innate Abilities, Weirdness & Mutations

You have an increased reservoir of magic. (+10% MP)
You shall have no god before yourself.
Your divine heritage dramatically boosts your attributes as you level up.


Message History

The wight is severely damaged.
The wight hits you with a +2 great sword!!
You feel drained.
You hit the wight.
The wight is almost destroyed.
The wight hits you with a +2 great sword!
You hit the wight.
You destroy the wight!
You closely miss the orc.
An orc comes into view. It is wielding a +0 mace.
The orc hits you with a +0 mace.
Unknown command.
You slash the orc!
You kill the orc!
An orc wizard comes into view. It is wielding a +0 dagger.
The howler monkey barely misses you.
Unknown command.
Unknown command.
Unknown command.
Press: ? - help, v - describe, . - travel, g - get item
Here: a wight, wielding a +0 halberd and wearing a +0 robe
Items here: a +0 trident; a +0 ring mail; an orc corpse.
The floor.
Reach: a) +0 halberd
Press: ? - help, Dir - move target, f - howler monkey
Aim: a howler monkey (about 43% to evade your +0 halberd)
You slice the howler monkey!!
You kill the howler monkey!
The wight hits you but does no damage.
An orc comes into view.
It is wielding a +1 hand axe of freezing.
Your life force feels restored.
Your Fighting skill increases to level 6!
Unknown command.
Unknown command.
You closely miss the wight.
The wight hits you from afar with a +0 halberd!
* * * LOW HITPOINT WARNING * * *
The wight misses you.
The wight hits you with a +2 great sword!!
You die...

####.##......≈≈≈≈≈
...........≈~≈≈≈≈≈
.........≈≈≈~~≈≈≈≈
######.≈≈≈≈≈~≈≈≈≈ #####
#.≈≈≈≈≈≈...≈ #...#
#.≈≈≈≈≈≈.>.≈ # ###.#
#.≈≈≈≈≈≈.:.≈
.#.##z##..###..≈≈≈≈≈≈≈≈≈
o'oo.zz@....#....≈≈≈≈≈≈≈
.#.##.#####........≈≈≈ #
###........ #####....
####


You could see 3 wights, an orc wizard and 2 orcs.

Vanquished Creatures
  Grinder (D:4)
  A black bear (D:4)
  An ogre (D:5)
  Blork the orc (D:4)
  A gnoll sergeant (D:5)
  A scorpion (D:5)
  2 wights (D:6)
  2 howler monkeys (D:6)
  A jelly (D:5)
  An orc priest (D:5)
  Ijyb (D:4)
  3 iguanas
  3 orc wizards (D:4)
  10 gnolls
  14 adders
  An ufetubus (D:6)
  A dart slug (D:1)
  9 orcs
  10 ball pythons
  9 endoplasms
  3 giant cockroaches
  9 goblins
  12 hobgoblins
  7 jackals
  2 quokkas
  A ball python skeleton (D:2)
  A ball python zombie (D:2)
  8 bats
  4 frilled lizards
  A giant cockroach zombie (D:2)
  7 kobolds
  A quokka skeleton (D:2)
  2 rats
131 creatures vanquished.

Vanquished Creatures (collateral kills)
  A gnoll (D:2)
  A dart slug (D:2)
  A bat (D:2)
3 creatures vanquished.

Vanquished Creatures (others)
  3 withered plants (D:2)
3 creatures vanquished.

Grand Total: 137 creatures vanquished

Notes
Turn   | Place    | Note
-------+----------+-------------------------------------------
     0 | D:5      | drugrobin the Demigod Delver began the quest for the Orb.
     0 | D:5      | Reached XP level 1. HP: 18/18 MP: 3/3
     6 | D:4      | Noticed an orc wizard
     6 | D:4      | Noticed an orc wizard
    24 | D:4      | Noticed Blork the orc
    44 | D:3      | Reached skill level 2 in Polearms
   363 | D:1      | Reached XP level 2. HP: 24/25 MP: 4/4
   527 | D:2      | Reached skill level 3 in Polearms
   654 | D:2      | Reached XP level 3. HP: 14/30 MP: 5/5
   988 | D:1      | Found Aproidu's Book Emporium.
  1055 | D:1      | Learned a level 1 spell: Magic Dart
  1793 | D:2      | Identified the +1 scale mail of Darkness {rPois rCorr
                  | Dex-2}
  1846 | D:2      | Reached skill level 4 in Polearms
  1910 | D:2      | Reached XP level 4. HP: 20/37 MP: 6/6
  2458 | D:3      | Reached skill level 5 in Polearms
  2458 | D:3      | Reached XP level 5. HP: 13/42 MP: 7/7
  3283 | D:4      | Killed Blork the orc
  3365 | D:4      | Noticed Ijyb
  3366 | D:4      | Reached XP level 6. HP: 45/51 MP: 8/8
  3445 | D:4      | Noticed Grinder
  3472 | D:4      | Killed Grinder
  3473 | D:4      | Reached skill level 6 in Polearms
  3749 | D:4      | Killed Ijyb
  3982 | D:5      | Reached XP level 7. HP: 42/60 MP: 9/9
  4153 | D:4      | Reached skill level 7 in Polearms
  4294 | D:5      | Reached skill level 5 in Fighting
  4649 | D:5      | Found Pekhuiw's Neck Hole.
  5068 | D:6      | Found a staircase to the Ecumenical Temple.
  5106 | D:6      | Reached XP level 8. HP: 59/70 MP: 10/10
  5121 | D:6      | Slain by a wight

Illustrated notes

Levels and vault maps discovered:
D:1:      minmay_arrival_hallway, layout_basic, serial_shops,
          nicolae_shop_waterfront
D:2:      layout_rooms, serial_undead, serial_undead_f, serial_undead_b,
          serial_undead_a, serial_undead_b, chequers_ecumenical_altar_simple,
          minmay_octomino_j4
D:3:      cheibrodos_greedy_goblins, layout_basic, old_standard_altar,
          minmay_distorted
D:4:      layout_loops_cross, st_stairs_11, uniq_blork_the_orc, uniq_ijyb,
          uniq_grinder
D:5:      layout_basic, grunt_qazlal_sundering, kennysheep_decorative_pillar,
          chequers_serial_rivers_micro_b, nicolae_shop_sticking_my_neck_out
D:6:      layout_basic, trog_book, temple_pool_b, interstate_on_off,
          dk_vineyard_2

Skill      XL: |  1  2  3  4  5  6  7  8 |
---------------+-------------------------+-----
Polearms       | 2 3 4 5 6 7 |  7.8
Fighting       | 3 4 5 6 |  6.0
Dodging        | |  1.7
Stealth        | |  4.5

Action                   |  1- 3 |  4- 6 |  7- 9 || total
-------------------------+-------+-------+-------++-------
Melee: Spear             |   174 |    18 |       ||   192
       Punch             |     1 |       |       ||     1
       Halberd           |       |   171 |    88 ||   259
 Fire: Shortbow          |       |     3 |    14 ||    17
Throw: Dart              |       |     2 |       ||     2
 Cast: Magic Dart        |     4 |       |       ||     4
Evoke: Wand              |       |     3 |     3 ||     6
  Use: Scroll            |     1 |       |       ||     1
       Potion            |       |     1 |       ||     1
 Stab: Sleeping          |     9 |     2 |     1 ||    12
       Distracted        |       |     1 |       ||     1
Armor: Leather armour    |    55 |       |       ||    55
       Scale mail        |     4 |    61 |    26 ||    91
Dodge: Dodged            |   132 |    94 |    39 ||   265
Block: Other             |     2 |    51 |     9 ||    62
       Reflection        |       |     1 |     1 ||     2

Table legend: (Time is in decaauts)
 A = Elapsed time spent in this place.
 B = Non-inter-level travel time spent in this place.
 C = Inter-level travel time spent in this place.
 D = Time resting spent in this place.
 E = Time spent auto-exploring this place.
 F = Levels seen in this place.
 G = Mean time per level.
                   A        B        C        D        E       F      G
               +--------+--------+--------+--------+--------+-----+--------+
         Total |   5148 |   4959 |    189 |    538 |   3017 |   6 |  858.0 |
       Dungeon |   5148 |   4959 |    189 |    538 |   3017 |   6 |  858.0 |
               +--------+--------+--------+--------+--------+-----+--------+

Top non-repeatable levels by time:
     D:3: 1230 daAuts
     D:1: 1151 daAuts
     D:5: 1038 daAuts
     D:4: 957 daAuts
     D:2: 682 daAuts
     D:6: 88 daAuts
